 Dungeon Crawl Stone Soup version 0.18-a0-1800-gdc7a371 (webtiles) character file.

85939 vale the Brawler (level 15, -11/149 HPs)
             Began as a Troll Wizard on Apr 23, 2016.
             Was the Champion of Cheibriados.
             Killed from afar by Aizul (43 damage)
             ... with a bolt of poison
             ... on level 1 of the Swamp.
             The game lasted 01:38:01 (29071 turns).

vale the Brawler (Troll Wizard)                    Turns: 29071, Time: 01:38:01

Health: -11/149    AC: 10    Str: 34    XL:     15   Next: 39%
Magic:  17/21      EV: 24    Int: 29    God:    Cheibriados [******]
Gold:   2006       SH:  0    Dex: 33    Spells: 7 memorised, 2 levels left

rFire  . . .     SeeInvis .       - Unarmed
rCold  + . .     Gourm    +     r - +1 robe {rC+}
rNeg   . . .     Faith    +     (no shield)
rPois  .         Spirit   .     v - +2 hat
rElec  .         Dismiss  .     W - +0 cloak
rCorr  .         Reflect  .     (gloves unavailable)
SustAt .         Harm     .     (boots unavailable)
MR     ++...                    U - amulet of faith
Stlth  +++.......               M - +5 ring of dexterity
                                G - ring of protection from magic

@: lethally poisoned (-11 -> -13), very slow, very resistant to hostile
enchantments, fairly stealthy
A: unfitting armour, claws 3, icy blue scales 1, fast metabolism 3, gourmand,
regeneration 2, shaggy fur 1, tough skin 2, no device heal 1, subdued magic 1
a: Bend Time, Temporal Distortion, Slouch, Step From Time, Renounce Religion


You were on level 1 of the Swamp.
You worshipped Cheibriados.
Cheibriados was exalted by your worship.
You were full.

You visited 5 branches of the dungeon, and saw 25 of its levels.

You collected 2384 gold pieces.
You spent 378 gold pieces at shops.

Inventory:

Hand Weapons
 b - a +1 blowgun
Missiles
 a - 4 large rocks
 i - 3 javelins
 w - 99 poisoned needles
 x - 29 tomahawks (quivered)
 L - a throwing net
Armour
 o - a troll hide
 r - a +1 robe of cold resistance (worn)
 v - a +2 hat (worn)
 R - a +1 large shield of protection
 W - a +0 cloak (worn)
Jewellery
 g - an uncursed ring of ice
 l - an uncursed ring of wizardry
 p - an uncursed ring of see invisible
 G - a ring of protection from magic (left claw)
 H - an uncursed ring of flight
 M - a +5 ring of dexterity (right claw)
 U - an amulet of faith (around neck)
 Y - an uncursed ring of resist corrosion
Wands
 e - a wand of paralysis (12/24)
 t - a wand of teleportation (7/9)
 K - a wand of iceblast (1/15)
Scrolls
 j - 9 scrolls of remove curse
 m - 2 scrolls of blinking
 q - 3 scrolls of magic mapping
 y - 3 scrolls of fear
 A - 4 scrolls of recharging
 C - a scroll of holy word
 F - 4 scrolls of fog
 J - a scroll of teleportation
 S - 2 scrolls of identify
Potions
 c - a potion of heal wounds
 f - 4 potions of curing
 h - a potion of invisibility
 k - 4 potions of ambrosia
 n - 2 potions of resistance
 s - 3 potions of flight
 u - a potion of magic
 B - 2 potions of cancellation
 E - a potion of agility
Miscellaneous
 V - a box of beasts {used: 3}
Comestibles
 d - 15 bread rations {@e1}
 z - a meat ration {@e2}
 D - 30 fruits


   Skills:
 + Level 10.2 Fighting
 + Level 11.8 Dodging
 - Level 1.1 Stealth
 * Level 15.2 Unarmed Combat
 - Level 2.1 Spellcasting
 - Level 3.6 Conjurations
 - Level 3.0 Charms
 - Level 0.6 Summonings
 - Level 3.0 Necromancy
 - Level 1.1 Translocations
 - Level 1.0 Fire Magic
 - Level 10.5 Invocations


You had 2 spell levels left.
You knew the following spells:

 Your Spells              Type           Power        Failure   Level  Hunger
a - Magic Dart            Conj           ###.         1%          1    None
c - Conjure Flame         Conj/Fire      ##......     10%         3    ###....
d - Mephitic Cloud        Conj/Pois/Air  #.......     14%         3    ###....
e - Call Imp              Summ           #.......     10%         2    ##.....
f - Repel Missiles        Chrm/Air       #.....       8%          2    ##.....
g - Regeneration          Chrm/Necr      ###.......   8%          3    ###....
p - Blink                 Tloc           N/A          8%          2    ##.....


Dungeon Overview and Level Annotations

Branches:
Dungeon (13/15)            Temple (1/1) D:5            Lair (8/8) D:9
  Swamp (1/4) Lair:4       Spider (0/4) Lair:6        Slime (0/6) Lair:8
    Orc (2/2) D:9             Elf (0/3) Orc:2        Vaults (0/5) D:13

Altars:
Ashenzari
Cheibriados
Dithmenos
Elyvilon
Fedhas
Gozag
Kikubaaqudgha
Makhleb
Nemelex Xobeh
Okawaru
Pakellas
Qazlal
Ru
Sif Muna
Trog
Vehumet
Xom
Yredelemnul
Zin
The Shining One
Beogh
Jiyva

Shops:
D:9 *   Orc:2 [(}

Annotations:
D:12 exclusion: hydra
D:13 Harold
Swamp:1 Aizul
Orc:2 Rupert


Innate Abilities, Weirdness & Mutations

You are too large for most types of armour.
You have claws for hands.
Your metabolism is lightning-fast.
You like to eat raw meat.
You heal very quickly.
You are covered in fur (AC +1).
You have very tough skin (AC +2).
You are partially covered in icy blue scales (AC +1).
Potions and wands are less effective at restoring your health.
Your spells are a little easier to cast, but a little less powerful.


Message History

You take 34 damage, and have 87/149 hp.
MASSIVE DAMAGE!!
You claw Aizul!
You feel sick. Aizul misses you.
You take 1 damage, and have 86/149 hp.
You scratch Aizul but do no damage.
You feel sick. Aizul hits you.
* * * LOW HITPOINT WARNING * * *
You take 5 damage, and have 81/149 hp.
You scratch Aizul.
You feel sick.
Aizul coils himself and waves his upper body at you.
You fall asleep.
Aizul hits you!!!
You wake up.
* * * LOW HITPOINT WARNING * * *
You take 36 damage, and have 45/149 hp.
MASSIVE DAMAGE!!
You eviscerate Aizul!!!
You feel sick. Aizul hits you!
* * * LOW HITPOINT WARNING * * *
You take 18 damage, and have 27/149 hp.
Drink which item? (? for menu, Esc to quit)
You feel better. Aizul casts a spell at you. The bolt of poison hits you!
You are poisoned.
You die...

♣♣.
#.....#♣♣.≈≈≈♣♣
♣[.#..?..#♣
♣♣...♣
♣..#...≈..♣
♣.♣♣
♣..####≈≈.♣♣ ♣♣
♣.....≈≈≈.♣
♣♣....≈≈≈≈♣
♣♣>≈≈≈≈≈.♣
♣♣♣...≈≈≈.♣
♣S@...≈≈.♣♣
..≈≈..≈≈≈≈....♣
.♣.≈)..≈≈≈...♣♣
♣♣....≈≈≈...♣
♣♣..§≈≈≈≈≈.♣
≈...≈≈≈≈≈.♣
≈≈≈≈≈≈.....♣
≈≈≈≈≈≈..≈..♣♣


You could see Aizul.

Vanquished Creatures
  Saint Roka (Orc:2)
  Frances (D:12)
  Kirke (D:12)
  Maud (D:11)
  Josephine (Orc:2)
  Fannar (Orc:1)
  6 hydras
  Erica (D:11)
  2 centaur warriors
  Erolcha (D:11)
  2 catoblepae
  A death yak (Lair:6)
  3 orc high priests (Orc:2)
  Urug (Orc:1)
  A fire crab (Lair:6)
  An unseen horror (D:12)
  Pikel (D:5)
  3 hill giants
  An orc knight (Orc:1)
  4 ugly things (D:12)
  3 orc sorcerers (Orc:2)
  A hornet (Swamp:1)
  A manticore (D:11)
  2 griffons
  4 elephants
  2 centaur zombies
  4 black mambas
  26 spiny frogs
  A molten gargoyle (D:13)
  2 torpor snails
  3 gargoyles (D:11)
  4 rime drakes
  10 komodo dragons
  2 trolls (Orc:1)
  3 giant leeches (Lair:8)
  Grinder (D:6)
  3 polar bears
  26 blink frogs
  Prince Ribbit (D:7)
  2 boulder beetles (Lair:8)
  3 slime creatures
  Sigmund (D:1)
  5 wraiths (Orc:2)
  A wyvern (D:13)
  A water elemental (Orc:2)
  2 basilisks
  55 yaks
  3 spriggans (Lair:7)
  4 fire elementals (D:13)
  A hungry ghost (D:10)
  7 hippogriffs
  A steam dragon (D:11)
  A hog (D:12)
  5 wargs
  10 vampire mosquitoes
  15 swamp worms
  17 water moccasins
  Duvessa (D:4)
  2 hell hounds (D:13)
  10 porcupines
  A swamp drake (Swamp:1)
  A slave (D:6)
  2 black bears
  2 ice beasts
  A necrophage (D:12)
  26 orc warriors
  4 sky beasts
  An eye of draining (D:11)
  A wasp (D:10)
  13 ogres
  7 wolves
  9 centaurs
  13 crocodiles
  A big kobold (D:9)
  33 giant frogs
  2 gnoll sergeants (D:10)
  A water moccasin zombie (D:5)
  8 scorpions
  Dowan (D:4)
  A water moccasin skeleton (D:7)
  8 killer bees
  4 wights (D:11)
  8 howler monkeys
  6 electric eels
  5 crimson imps
  A lava snake (Lair:4)
  3 hounds
  A quasit (D:10)
  A giant frog zombie (D:8)
  9 orc priests
  A gnoll shaman (Orc:2)
  4 jellies
  30 orc wizards
  2 giant frog skeletons
  7 iguanas
  13 worker ants
  45 sheep
  2 hound zombies
  3 hound skeletons
  A worker ant zombie (D:10)
  18 gnolls
  69 river rats
  11 adders
  A shadow imp (D:11)
  4 oozes
  An adder zombie (D:7)
  13 worms
  6 dart slugs
  6 giant geckos
  90 orcs
  5 giant cockroaches
  8 hobgoblins
  14 jackals
  3 quokkas
  22 bats
  2 giant gecko skeletons
  A giant gecko zombie (D:6)
  4 giant newts
  8 goblins
  A jackal zombie (D:5)
  11 kobolds
  17 rats
  2 fungi
  2 plants
881 creatures vanquished.

Vanquished Creatures (collateral kills)
  A stone giant (Orc:1)
  An ogre (Orc:1)
  An adder (D:2)
  An orc (D:3)
  A kobold (D:3)
5 creatures vanquished.

Vanquished Creatures (others)
  A troll (Orc:1)
  A giant frog (D:6)
  3 humans (D:12)
  2 slaves (D:6)
  2 jellies
  A worker ant (D:4)
  An orc (D:6)
  21 fungi
  18 plants
50 creatures vanquished.

Grand Total: 936 creatures vanquished

Notes
Turn   | Place    | Note
--------------------------------------------------------------
     0 | D:1      | vale the Troll Wizard began the quest for the Orb.
     0 | D:1      | Reached XP level 1. HP: 16/16 MP: 2/2
   142 | D:1      | Reached skill level 1 in Unarmed Combat
   261 | D:1      | Reached XP level 2. HP: 21/24 MP: 2/4
   399 | D:1      | Reached skill level 2 in Unarmed Combat
   691 | D:1      | Reached XP level 3. HP: 31/31 MP: 1/5
  1031 | D:1      | Learned a level 2 spell: Blink
  1034 | D:1      | Learned a level 2 spell: Call Imp
  1071 | D:1      | Reached skill level 3 in Unarmed Combat
  1679 | D:2      | Noticed Sigmund
  1731 | D:1      | Gained mutation: Potions and wands are less effective at restoring your health. [potion of mutation]
  1731 | D:1      | Gained mutation: Your spells are a little easier to cast, but a little less powerful. [potion of mutation]
  1731 | D:1      | Gained mutation: You are partially covered in icy blue scales (AC +1). [potion of mutation]
  1735 | D:1      | Killed Sigmund
  1735 | D:1      | Reached skill level 5 in Unarmed Combat
  1735 | D:1      | Reached XP level 4. HP: 32/39 MP: 6/6
  1735 | D:1      | Reached XP level 5. HP: 37/45 MP: 7/7
  1781 | D:1      | Learned a level 3 spell: Conjure Flame
  1952 | D:2      | Reached XP level 6. HP: 49/53 MP: 8/8
  2130 | D:3      | Reached skill level 6 in Unarmed Combat
  3033 | D:4      | Found a snail-covered altar of Cheibriados.
  3033 | D:4      | Found a glowing golden altar of the Shining One.
  3263 | D:4      | Found a sparkling altar of Nemelex Xobeh.
  3295 | D:4      | Noticed Dowan
  3311 | D:4      | Killed Dowan
  3311 | D:4      | Reached skill level 1 in Fighting
  3408 | D:4      | Reached XP level 7. HP: 34/65 MP: 5/9
  3819 | D:4      | Noticed Duvessa
  3925 | D:4      | Killed Duvessa
  4256 | D:5      | Entered Level 5 of the Dungeon
  4366 | D:5      | Found a stormy altar of Qazlal.
  4568 | D:5      | Reached skill level 5 in Fighting
  4623 | D:5      | Reached XP level 8. HP: 80/80 MP: 10/10
  5013 | D:5      | Reached skill level 7 in Unarmed Combat
  5093 | D:5      | Found a staircase to the Ecumenical Temple.
  5197 | Temple   | Entered the Ecumenical Temple
  5372 | D:4      | Became a worshipper of Cheibriados the Contemplative
  5906 | D:6      | Reached skill level 8 in Unarmed Combat
  5937 | D:6      | Noticed Pikel
  5963 | D:5      | Killed Pikel
  5963 | D:5      | Reached skill level 9 in Unarmed Combat
  6040 | D:6      | Noticed Grinder
  6068 | D:6      | Paralysed by Grinder for 4 turns
  6076 | D:6      | Killed Grinder
  6076 | D:6      | Reached XP level 9. HP: 88/88 MP: 9/11
  6136 | D:6      | Learned a level 2 spell: Repel Missiles
  6177 | D:6      | Reached skill level 10 in Unarmed Combat
  6605 | D:7      | Noticed Prince Ribbit
  6620 | D:7      | Reached * piety under Cheibriados
  6627 | D:7      | Killed Prince Ribbit
  6639 | D:7      | Reached skill level 11 in Unarmed Combat
  6697 | D:7      | Reached ** piety under Cheibriados
  7272 | D:7      | Noticed an angel
  7276 | D:7      | Found a glowing silver altar of Zin.
  7863 | D:8      | Found an opulent altar of Gozag.
  8115 | D:9      | Reached *** piety under Cheibriados
  8209 | D:9      | Reached XP level 10. HP: 91/100 MP: 12/12
  8480 | D:9      | Reached **** piety under Cheibriados
  8631 | D:9      | Found a radiant altar of Vehumet.
  8655 | D:9      | Found a staircase to the Orcish Mines.
  8779 | D:9      | Found Lule's General Store.
  8785 | D:9      | Bought a potion of curing for 48 gold pieces
  8785 | D:9      | Bought a potion of might for 64 gold pieces
  8845 | D:9      | Reached skill level 5 in Dodging
  8845 | D:9      | Reached skill level 1 in Invocations
  8895 | D:9      | Found an iron altar of Okawaru.
  8922 | D:9      | Found a shattered altar of Ashenzari.
  9025 | D:9      | Found a staircase to the Lair.
  9223 | D:10     | Entered Level 10 of the Dungeon
  9348 | D:10     | Reached ***** piety under Cheibriados
  9869 | D:10     | Noticed a hill giant
  9874 | D:10     | Killed a hill giant
 10087 | D:11     | Noticed a hill giant
 10093 | D:11     | Noticed Maud
 10093 | D:11     | Noticed Erolcha
 10179 | Lair:1   | Entered Level 1 of the Lair of Beasts
 10248 | Lair:1   | Noticed a black mamba
 10258 | Lair:1   | Killed a black mamba
 10648 | Lair:1   | Reached XP level 11. HP: 107/107 MP: 13/13
 11510 | Lair:1   | Reached skill level 5 in Invocations
 11671 | Lair:1   | Reached skill level 1 in Conjurations
 12120 | Lair:2   | Identified Ydear's Disquisition on Intoxication and Changing
 12131 | Lair:2   | Learned a level 3 spell: Mephitic Cloud
 12820 | Lair:3   | Reached ****** piety under Cheibriados
 13318 | Lair:3   | Found an iron altar of Okawaru.
 13565 | Lair:3   | Reached skill level 1 in Translocations
 13849 | Lair:3   | Reached XP level 12. HP: 115/115 MP: 13/15
 14265 | Lair:4   | Reached skill level 1 in Fire Magic
 14466 | Lair:4   | Found a staircase to the Swamp.
 14975 | Lair:4   | Reached skill level 12 in Unarmed Combat
 15595 | Lair:5   | Noticed a six-headed hydra
 15607 | Lair:5   | Killed a six-headed hydra
 15964 | Lair:5   | Reached skill level 13 in Unarmed Combat
 16950 | Lair:6   | Found a hole to the Spider Nest.
 17073 | Lair:6   | Reached XP level 13. HP: 122/122 MP: 17/17
 17255 | Lair:6   | Reached skill level 14 in Unarmed Combat
 18756 | Lair:7   | Learned a level 3 spell: Regeneration
 18988 | Lair:7   | Reached skill level 15 in Unarmed Combat
 19723 | Lair:8   | Entered Level 8 of the Lair of Beasts
 19723 | Lair:8   | Found a staircase to the Slime Pits.
 19723 | Lair:8   | Found a viscous altar of Jiyva.
 20602 | Lair:8   | Reached XP level 14. HP: 136/136 MP: 15/20
 21234 | Lair:8   | Reached skill level 10 in Invocations
 22044 | D:9      | Found an oddly glowing altar of Pakellas.
 22154 | Orc:1    | Entered Level 1 of the Orcish Mines
 22157 | Orc:1    | Noticed Urug
 22160 | Orc:1    | Killed Urug
 22315 | Orc:1    | Noticed Fannar
 22407 | Orc:1    | Killed Fannar
 22572 | Orc:1    | Noticed a stone giant
 22610 | Orc:1    | Killed a stone giant
 22964 | Orc:2    | Entered Level 2 of the Orcish Mines
 23201 | Orc:2    | Found a staircase to the Elven Halls.
 23226 | Orc:2    | Found a roughly hewn altar of Beogh.
 23311 | Orc:2    | Noticed Josephine
 23329 | Orc:2    | Found a roughly hewn altar of Beogh.
 23820 | Orc:2    | Found a roughly hewn altar of Beogh.
 23998 | Orc:2    | Noticed Saint Roka
 24400 | Orc:2    | Reached skill level 10 in Fighting
 24443 | Orc:2    | Reached skill level 1 in Charms
 24747 | Orc:2    | Found Emoh's Antique Armour Emporium.
 24748 | Orc:2    | Found a roughly hewn altar of Beogh.
 24751 | Orc:2    | Found Coacamm's Antique Weapon Shoppe.
 24762 | Orc:2    | Bought an encrusted large shield for 266 gold pieces
 24767 | Orc:2    | Identified the cursed +0 large shield of the Morning {MR+ Str+8 Int+4} (You bought it in a shop on level 2 of the Orcish Mines)
 24806 | Orc:2    | Found a roughly hewn altar of Beogh.
 25082 | Orc:2    | Killed Saint Roka
 25082 | Orc:2    | Reached skill level 10 in Dodging
 25192 | Orc:2    | Found Zouh's Gadget Boutique.
 25307 | Orc:2    | Found a roughly hewn altar of Beogh.
 25307 | Orc:2    | Noticed Rupert
 25317 | Orc:2    | Killed Josephine
 25543 | D:11     | Killed Maud
 25841 | D:11     | Noticed Erica
 25879 | D:11     | Killed Erolcha
 25900 | D:11     | Killed Erica
 26060 | D:11     | Found a blossoming altar of Fedhas.
 26175 | D:11     | Found an oddly glowing altar of Pakellas.
 26548 | D:11     | Reached skill level 1 in Necromancy
 26619 | D:12     | Noticed Frances
 26632 | D:12     | Killed Frances
 26632 | D:12     | Reached XP level 15. HP: 149/149 MP: 18/21
 27113 | D:12     | Noticed Kirke
 27191 | D:12     | Killed Kirke
 27544 | D:13     | Noticed Harold
 27726 | D:13     | Found a gate to the Vaults.
 28734 | Swamp:1  | Entered Level 1 of the Swamp
 29060 | Swamp:1  | Noticed Aizul
 29071 | Swamp:1  | Killed from afar by Aizul

Vault maps used:
D:1:      lightli_arrival_lavapool
D:2:      grunt_ministairs_6, uniq_sigmund
D:3:      st_stairs_1
D:4:      nemelex_altar_shiori, grunt_temple_overflow_open, uniq_duvessa
D:5:      nicolae_qazlal_general_emergency, minmay_temple_entry_glass,
          first_bread, minmay_liquid_box
D:6:      uniq_grinder, uniq_pikel
D:7:      zin_angel, uniq_prince_ribbit1
D:8:      basic_altar
D:9:      overflow_temple_1_default, nicolae_overflow_hidden_temple,
          kennysheep_mini_moat, grunt_lair_entry_orc_guard_hut, orc_0_dummy,
          basic_altar, serial_shops, shop
D:11:     hangedman_tree_tricks, hangedman_decor_riveting,
          grunt_pakellas_mercury, uniq_erica, uniq_maud, uniq_erolcha
D:12:     minmay_holes, grunt_ministairs_4, uniq_frances, uniq_kirke,
          uniq_harold
D:13:     basic_altar, kennysheep_potato, uniq_azrael
Temple:   circular_temple_12
Lair:1:   grunt_megastairs_4, infiniplex_staircase_pool_2
Lair:2:   minivault_23, infiniplex_staircase_pool, grunt_megastairs_1,
          lemuel_fruit_fields
Lair:3:   basic_altar
Lair:4:   nicolae_swamp_entry_splash_gauntlet
Lair:5:   roderic_lost_polar_bear
Lair:6:   nicolae_spider_entry_non_spiders, worms_lemuel
Lair:7:   wad_woods_02
Lair:8:   minmay_lair_end_frog_pond, slime_altar_1
Swamp:1:  evilmike_swamp_ruin_house_5, uniq_aizul
Orc:1:    uniq_fannar, uniq_urug
Orc:2:    grunt_orc_community_town_hall, grunt_orc_community_big_house_1,
          grunt_orc_community_big_house_2, grunt_orc_community_house_1,
          grunt_orc_community_house_3, grunt_orc_community_house_1,
          grunt_orc_community_house_3, grunt_orc_community_house_3, uniq_rupert,
          uniq_josephine

Skill      XL: |  1  2  3  4  5  6  7  8  9 10 11 12 13 14 15 |
---------------+----------------------------------------------+-----
Unarmed Combat | 1 2 5 6 9 11 13 15 | 15.2
Fighting       | 2 5 6 8 10 | 10.2
Dodging        | 3 7 9 11 | 11.8
Invocations    | 4 6 7 9 10 | 10.5
Conjurations   | 3 |  3.6
Translocations | 1 |  1.1
Fire Magic     | 1 |  1.0
Charms         | 3 |  3.0
Necromancy     | 1 3 |  3.0
Stealth        | |  1.1
Spellcasting   | |  2.1
Summonings     | |  0.6

Action                   |  1- 3 |  4- 6 |  7- 9 | 10-12 | 13-15 || total
-------------------------+-------+-------+-------+-------+-------++-------
Melee: Unarmed           |   101 |   103 |   333 |   742 |   954 ||  2233
       Punch             |       |     1 |    15 |    86 |   128 ||   230
 Fire: Blowgun           |       |       |    23 |    33 |    44 ||   100
Throw: Javelin           |       |     1 |    16 |     1 |    14 ||    32
       Tomahawk          |       |       |     1 |       |    20 ||    21
 Cast: Magic Dart        |    38 |    31 |    16 |    96 |   163 ||   344
       Call Imp          |     1 |     6 |       |       |       ||     7
       Conjure Flame     |       |       |     3 |    21 |    43 ||    67
       Blink             |       |       |     2 |     1 |     6 ||     9
       Repel Missiles    |       |       |     3 |     2 |     7 ||    12
       Mephitic Cloud    |       |       |       |     3 |    16 ||    19
       Regeneration      |       |       |       |       |     4 ||     4
Invok: Bend Time         |       |       |     2 |       |       ||     2
       Temporal Distorti |       |       |       |     7 |    18 ||    25
       Slouch            |       |       |       |     2 |     9 ||    11
       Step From Time    |       |       |       |       |     2 ||     2
Evoke: Wand              |       |       |       |     3 |     4 ||     7
       Box of beasts     |       |       |       |       |     3 ||     3
  Use: Potion            |     3 |       |     2 |     1 |     9 ||    15
       Scroll            |       |       |    19 |     8 |    18 ||    45
 Stab: Sleeping          |     4 |     2 |     4 |     5 |     5 ||    20
       Distracted        |       |       |     1 |     3 |     1 ||     5
       Confused          |       |       |       |     6 |     3 ||     9
       Invisible         |       |       |       |       |     1 ||     1
  Eat: Chunk             |    21 |    16 |    44 |    62 |    85 ||   228
Armor: Robe              |    29 |    43 |   104 |   133 |    96 ||   405
       Skin              |       |       |    36 |    22 |       ||    58
Dodge: Dodged            |    40 |    47 |   119 |   520 |   749 ||  1475
       Deflected         |       |       |     4 |     1 |    22 ||    27
